 Dungeon Sprint DCSS version 0.19-a0-1532-g228a5d9 (webtiles) character file.

136 poirepourri the Covert (level 4, -3/21 HPs)
             Began as a Spriggan Enchanter on Sept 13, 2016.
             Was an Initiate of Dithmenos.
             Killed from afar by an oklob sapling wizard (8 damage)
             ... with a magic dart
             ... in the Dungeon (Sprint IV: "Fedhas' Mad Dash").
             The game lasted 00:01:08 (145 turns).

poirepourri the Covert (Spriggan Enchanter)          Turns: 145, Time: 00:01:08

Health: -3/21      AC:  3    Str:  4    XL:     4   Next: 98%
Magic:  10/10      EV: 21    Int: 16    God:    Dithmenos [......]
Gold:   56         SH:  0    Dex: 17    Spells: 4 memorised, 0 levels left

rFire  . . .     SeeInvis +     a - +1 dagger
rCold  . . .     Gourm    .     b - +1 robe
rNeg   . . .     Faith    .     (shield restricted)
rPois  .         Spirit   .     (helmet restricted)
rElec  .         Dismiss  .     (no cloak)
rCorr  .         Reflect  .     (gloves unavailable)
MR     .....     Harm     .     (boots unavailable)
Stlth  ++++++.... NoTele   +    (no amulet)
                                (no ring)
                                (no ring)

@: very quick
A: unfitting armour, see invisible, herbivore 3, speed 3, slow metabolism 2
a: Renounce Religion


You were in the Dungeon.
You worshipped Dithmenos.
Dithmenos was noncommittal.
You were not hungry.

You visited 1 branch You collected 56 gold pieces.

Inventory:

Hand Weapons
 a - a +1 dagger (weapon)
Armour
 b - a +1 robe (worn)
Jewellery
 k - the amulet of invisibility {+Inv}
   (You found it in the Dungeon)

   [amulet of nothing]

   It lets you turn invisible.
Scrolls
 j - a scroll of blinking
Potions
 e - a potion of curing
 f - a potion of heal wounds
 g - a potion of haste
 h - 2 potions of magic
 i - a potion of berserk rage
Books
 c - a book of Maledictions

   Spells                             Type                      Level
   a - Corona                         Hexes                        1
   b - Ensorcelled Hibernation        Hexes/Ice                    2
   c - Confuse                        Hexes                        3
   d - Tukima's Dance                 Hexes                        3
   e - Dazzling Spray                 Conjuration/Hexes            3
Comestibles
 d - a bread ration


   Skills:
 + Level 3.2 Short Blades
 + Level 6.1 Dodging
 + Level 12.6 Stealth
 + Level 3.4 Spellcasting
 + Level 5.0 Hexes


You couldn't memorise any spells.
You knew the following spells:

 Your Spells              Type           Power        Failure   Level  Hunger
a - Corona                Hex            ###....      2%          1    None
b - Ensorcelled Hibernat  Hex/Ice        ##....       12%         2    ##.....
c - Confuse               Hex            ###.....     10%         3    ###....
d - Tukima's Dance        Hex            ###.....     10%         3    ###....


Dungeon Overview and Level Annotations

Branches:
Dungeon (1/1)

Altars:
Cheibriados
Dithmenos
Elyvilon
Gozag
Hepliaklqana
Kikubaaqudgha
Makhleb
Nemelex Xobeh
Okawaru
Qazlal
Ru
Sif Muna
Trog
Uskayaw
Vehumet
Xom
Yredelemnul
Zin
The Shining One
Beogh
Jiyva
Lugonu

Annotations:
D exclusion: oklob sapling


Innate Abilities, Weirdness & Mutations

You are tiny and cannot use many weapons and most armour.
You have supernaturally acute eyesight. (SInv)
You are a herbivore.
You cover ground extremely quickly.
You need consume almost no food.


Message History

Memorise Tukima's Dance, consuming 3 spell levels and leaving 0?
You start memorising the spell.
You continue memorising. x3
You finish memorising.
Spell assigned to 'd'.
There is a corrupted altar of Lugonu here.
You open the door.
Marking area around the oklob sapling wizard as unsafe for travelling.
An oklob sapling wizard comes into view.
Found 17 gold pieces.
Unknown command.
The oklob sapling wizard stares at you and mumbles some strange words.
The magic dart hits you!
Found a scroll labeled YNOPRU ASHUEGI.
There is an open door here.
The oklob sapling wizard stares at you and mumbles some strange words.
The magic dart hits you!
* * * LOW HITPOINT WARNING * * *
Really walk into a travel-excluded area?
The oklob sapling wizard stares at you and mumbles some strange words.
The magic dart hits you!
You die...

######################
....#.⌠._._._._.⌠.#.$+
#)).'.._._._._._..'.P#
#...#..._._._._.@.#..#
##'##.._._._._._..#.?#
+...#.⌠._._._._.⌠.####
#...###############
#####


You could see an oklob sapling wizard.

Vanquished Creatures
  3 oklob saplings (D)
  A worker ant (D)
  A river rat (D)
  A rat (D)
6 creatures vanquished.

Notes
Turn   | Place    | Note
-------+----------+-------------------------------------------
     0 | D        | poirepourri the Spriggan Enchanter began the quest for the Orb.
     0 | D        | Reached XP level 1. HP: 9/9 MP: 5/5
     8 | D        | Reached skill level 7 in Stealth
     8 | D        | Reached XP level 2. HP: 13/13 MP: 6/6
    14 | D        | Learned a level 2 spell: Ensorcelled Hibernation
    17 | D        | Noticed an oklob sapling
    18 | D        | Killed an oklob sapling
    18 | D        | Reached skill level 9 in Stealth
    18 | D        | Reached XP level 3. HP: 16/16 MP: 8/8
    23 | D        | Reached skill level 5 in Dodging
    23 | D        | Reached skill level 10 in Stealth
    27 | D        | Noticed an oklob sapling
    30 | D        | Killed an oklob sapling
    30 | D        | Reached skill level 11 in Stealth
    30 | D        | Reached XP level 4. HP: 21/21 MP: 9/9
   114 | D        | Found an opulent altar of Gozag.
   114 | D        | Found a hazy altar of Hepliaklqana.
   114 | D        | Found a burning altar of Makhleb.
   114 | D        | Found a roughly hewn altar of Beogh.
   114 | D        | Found a sparkling altar of Nemelex Xobeh.
   114 | D        | Found a snail-covered altar of Cheibriados.
   114 | D        | Found a sacrificial altar of Ru.
   114 | D        | Found a deep blue altar of Sif Muna.
   114 | D        | Found a shimmering altar of Xom.
   114 | D        | Found a basalt altar of Yredelemnul.
   115 | D        | Found a viscous altar of Jiyva.
   115 | D        | Found a bloodstained altar of Trog.
   116 | D        | Found an iron altar of Okawaru.
   116 | D        | Found a glowing silver altar of Zin.
   116 | D        | Found a shadowy altar of Dithmenos.
   117 | D        | Found a hide-covered altar of Uskayaw.
   117 | D        | Found an ancient bone altar of Kikubaaqudgha.
   118 | D        | Found a stormy altar of Qazlal.
   118 | D        | Found a glowing golden altar of the Shining One.
   118 | D        | Found a white marble altar of Elyvilon.
   119 | D        | Found a radiant altar of Vehumet.
   119 | D        | Found a corrupted altar of Lugonu.
   122 | D        | Reached skill level 12 in Stealth
   122 | D        | Reached skill level 5 in Hexes
   127 | D        | Became a worshipper of Dithmenos the Shadowed
   132 | D        | Learned a level 3 spell: Confuse
   136 | D        | Learned a level 3 spell: Tukima's Dance
   145 | D        | Killed from afar by an oklob sapling wizard

Vault maps used:
D:        dungeon_sprint_fedhas

Skill      XL: |  1  2  3  4 |
---------------+-------------+-----
Stealth        | 7 9 11 12 | 12.6
Short Blades   | 2 3 |  3.2
Dodging        | 4 5 6 |  6.1
Spellcasting   | 3 |  3.4
Hexes          | 5 |  5.0

Action                   |  1- 3 |  4- 6 || total
-------------------------+-------+-------++-------
Melee: Dagger            |     5 |     1 ||     6
 Stab: Sleeping          |     5 |     1 ||     6
